 Dungeon Crawl Stone Soup version 0.14-a0-3345-g9255d23 (webtiles) character file.

9110 Kae the Bludgeoner (level 11, 0/82 HPs)
             Began as a Minotaur Fighter on Mar 17, 2014.
             Was an Elder of Okawaru.
             Slain by a large slime creature (9 damage)
             ... on Level 12 of the Dungeon.
             The game lasted 00:23:46 (11575 turns).

Kae the Bludgeoner (Minotaur Fighter)              Turns: 11575, Time: 00:23:46

HP   0/82        AC 16     Str 26      XL: 11   Next: 11%
MP   0/13        EV  8     Int  7      God: Okawaru [****..]
Gold 517         SH 23     Dex 11      Spells:  0 memorised, 10 levels left

rFire  . . .     SeeInvis .     R - +5,+1 mace
rCold  . . .     Clarity  .     b - -1 scale mail
rNeg   . . .     Conserve .     c - -1 shield
rPois  .         rCorr    .     (helmet restricted)
rElec  .         rRot     .     n - +0 cloak
SustAb . .       Spirit   +     G - +1 pair of gloves
rMut   .         Warding  .     (no boots)
Saprov . . .     Stasis   .     D - amulet of guardian spirit
MR     .....                    N - +5 ring of protection
                                l - ring of magical power

@: mighty, lethally poisoned, heroism, not resistant to hostile enchantments,
very unstealthy
A: retaliatory headbutt, horns 2
a: Heroism, Renounce Religion


You were on level 12 of the Dungeon.
You worshipped Okawaru.
Okawaru was greatly pleased with you.
You were near starving.

You visited 1 branch of the dungeon, and saw 12 of its levels.

You collected 517 gold pieces.

Inventory:

Hand weapons
 a - a +1,+1 flail
 t - a +2,+0 mace
 R - a +5,+1 mace (weapon)
Missiles
 L - 3 tomahawks (quivered)
Armour
 b - a -1 scale mail (worn)
 c - a -1 shield (worn)
 n - a +0 cloak (worn)
 G - a +1 pair of gloves (worn)
 J - a +0 cloak
Magical devices
 e - a wand of digging (9)
 j - a wand of slowing (9)
 r - a wand of paralysis (6)
 s - a wand of disintegration (11)
 u - a wand of frost (16) {unknown}
 T - a wand of draining (3) {unknown}
Comestibles
 d - 8 bread rations
 k - 2 apples
 x - 2 meat rations
Scrolls
 g - a scroll of enchant weapon II
 h - 2 scrolls of enchant weapon I
 m - 4 scrolls of magic mapping
 p - 2 scrolls of amnesia
 w - 3 scrolls of remove curse
 z - 4 scrolls of identify
 H - 3 scrolls of fog
 I - a scroll of enchant armour
 M - 3 scrolls of fear
 S - 2 scrolls of vulnerability
Jewellery
 l - a ring of magical power (left hand)
 o - an uncursed ring of flight
 q - an uncursed amulet of conservation
 A - an uncursed ring of teleportation
 D - an amulet of guardian spirit (around neck)
 N - a +5 ring of protection (right hand)
Potions
 f - a potion of curing
 v - 2 potions of confusion
 B - a potion of poison
 O - a potion of degeneration {unknown}
 Q - a potion of magic
 U - a potion of berserk rage {unknown}
 W - a potion of mutation {unknown}
Books
 C - a book of Alchemy

   Spells                             Type                      Level
   Lethal Infusion                    Charms/Necromancy            2
   Sublimation of Blood               Necromancy                   2
   Condensation Shield                Ice                          4
   Petrify                            Transmutation/Earth          4
   Ignite Poison                      Fire/Transmutation           5
 E - a book of Cantrips

   Spells                             Type                      Level
   Confusing Touch                    Hexes                        1
   Animate Skeleton                   Necromancy                   1
   Summon Small Mammal                Summoning                    1
   Apportation                        Translocation                1
Rods
 y - a -3 rod of inaccuracy (14/14)
   (You found it on level 5 of the Dungeon)


   Skills:
 - Level 3.6(8.6) Fighting
 + Level 18.9(23.9) Maces & Flails
 - Level 3.6(8.6) Armour
 - Level 3.6(8.6) Shields


You had 10 spell levels left.
You didn't know any spells.

Dungeon Overview and Level Annotations

Branches:
Dungeon (12/15)            Temple (0/1) D:6             Orc (0/4) D:9
   Lair (0/8) D:8

Altars:
Cheibriados
Fedhas
Okawaru
Sif Muna
Xom

Shops:
D:9 %

Annotations:
D:12 Nergalle


Innate Abilities, Weirdness & Mutations

You reflexively headbutt those who attack you in melee.
You have a pair of horns on your head.


Message History

You sock the large slime creature! You headbutt the large slime creature!!
The large slime creature is heavily wounded.
You barely miss the large slime creature.
You headbutt the large slime creature!
The large slime creature is severely wounded.
You feel sick.
The slime creature hits you but does no damage.
You bludgeon the large slime creature!!
The large slime creature is severely wounded.
The large slime creature hits you but does no damage.
The slime creature barely misses you.
You bludgeon the large slime creature!!
The large slime creature is almost dead.
The large slime creature hits you!
* * * LOW HITPOINT WARNING * * *
You block the slime creature's attack.
You sock the slime creature!
The slime creature is severely wounded.
The large slime creature hits you!
You die...

########.#.#.#..#.#.#.......
...#####.#......#u#J#........
..............................
##.#####...#..........#........
.#.# ##..######s###.#........
.#.# #..# #.......#........ .#.#
#..# #u#............... .#.# #..#
#J#######≈≈####.. .#.# #..#
#J@)....≈≈≈≈# ..#.
(#.######..##########≈≈≈≈≈≈##..#.
.#.#.......#....# #≈≈≈≈≈≈≈≈#..#.
.#.#.###...#.##.## ##≈≈≈≈≈≈##..#.
.#.#.# #...#(....# ##≈≈≈≈###..#.
.o.#.# #...####..# #.≈≈## #..#.
.###.# #.........#####'######..#.
.# #.# #..######...............#.
## #.# #..# #..(.....######...


You could see a large slime creature, a slime creature and a brown ugly thing.

Vanquished Creatures
  An unseen horror (D:12)
  Erolcha (D:9)
  The ghost of Garion1gs the Skirmisher, an experienced GrFi of Okawaru (D:7)
  A gargoyle (D:12)
  A komodo dragon (D:8)
  2 deep elf magi (D:11)
  7 ugly things (D:12)
  8 yaks
  A spriggan (D:7)
  A hippogriff (D:9)
  A sky beast (D:11)
  3 ogres
  A phantom (D:8)
  6 centaurs
  6 orc warriors
  A black bear (D:10)
  Sigmund (D:4)
  2 big kobolds
  A giant frog (D:12)
  A water moccasin zombie (D:8)
  2 scorpions
  6 killer bees (D:9)
  A troll zombie (D:9)
  A wyvern skeleton (D:10)
  A crimson imp (D:5)
  A wight (D:8)
  5 hounds
  A giant frog zombie (D:10)
  4 goliath beetles
  2 jellies
  Crazy Yiuf (D:7)
  A gnoll shaman (D:6)
  A quasit (D:7)
  12 orc priests
  7 orc wizards
  4 worker ants
  6 iguanas
  A killer bee zombie (D:8)
  An ogre zombie (D:11)
  A mottled dragon skeleton (D:10)
  A big kobold zombie (D:7)
  2 big kobold skeletons
  A hound zombie (D:8)
  12 adders
  6 gnolls
  2 shadow imps
  A giant mite (D:2)
  4 worms
  2 iguana zombies (D:6)
  A giant eyeball (D:6)
  7 giant geckos
  42 orcs
  A ball python (D:2)
  A bat skeleton (D:4)
  8 giant cockroaches
  19 hobgoblins
  22 jackals
  28 kobolds
  4 quokkas
  13 bats
  4 giant newts
  A giant spore (D:7)
  18 goblins
  A goblin skeleton (D:4)
  2 orc skeletons
  16 rats
  2 rat skeletons
  5 ballistomycetes
  2 plants (D:1)
334 creatures vanquished.

Vanquished Creatures (others)
  2 giant spores (D:11)
2 creatures vanquished.

Grand Total: 336 creatures vanquished

Notes
Turn   | Place    | Note
--------------------------------------------------------------
     0 | D:1      | Kae, the Minotaur Fighter, began the quest for the Orb.
     0 | D:1      | Reached XP level 1. HP: 19/19 MP: 1/1
   212 | D:1      | Reached XP level 2. HP: 26/26 MP: 1/1
   525 | D:1      | Reached skill level 4 in Maces & Flails
   581 | D:1      | Reached XP level 3. HP: 27/31 MP: 2/2
  1109 | D:2      | You fall through a shaft for 2 floors!
  1136 | D:4      | Reached skill level 5 in Maces & Flails
  1136 | D:4      | Reached XP level 4. HP: 28/39 MP: 2/2
  1759 | D:2      | Reached skill level 6 in Maces & Flails
  1852 | D:2      | Reached XP level 5. HP: 45/45 MP: 2/2
  1905 | D:2      | Found a shimmering altar of Xom.
  2576 | D:3      | Reached skill level 7 in Maces & Flails
  2895 | D:3      | Found a deep blue altar of Sif Muna.
  2899 | D:3      | Found an iron altar of Okawaru.
  2909 | D:3      | Became a worshipper of Warmaster Okawaru
  3178 | D:4      | Noticed Sigmund
  3194 | D:4      | Killed Sigmund
  3194 | D:4      | Reached skill level 8 in Maces & Flails
  3194 | D:4      | Reached XP level 6. HP: 40/51 MP: 3/3
  3440 | D:4      | Found a snail-covered altar of Cheibriados.
  3549 | D:5      | Entered Level 5 of the Dungeon
  3549 | D:5      | Found a snail-covered altar of Cheibriados.
  3584 | D:5      | Reached skill level 9 in Maces & Flails
  3616 | D:5      | Reached XP level 7. HP: 41/57 MP: 3/3
  3708 | D:5      | Acquired Okawaru's first power
  4144 | D:5      | Found a deep blue altar of Sif Muna.
  4323 | D:6      | Paralysed by a giant eyeball for 3 turns
  4492 | D:6      | Found a staircase to the Ecumenical Temple.
  4497 | D:6      | Reached skill level 10 in Maces & Flails
  5003 | D:6      | Reached skill level 11 in Maces & Flails
  5036 | D:6      | Reached XP level 8. HP: 52/64 MP: 3/3
  5527 | D:7      | Reached skill level 12 in Maces & Flails
  5544 | D:7      | Noticed Garion1gs' ghost (experienced GrFi)
  5576 | D:7      | Killed Garion1gs' ghost
  5576 | D:7      | Reached skill level 13 in Maces & Flails
  5846 | D:7      | Noticed Crazy Yiuf
  5853 | D:7      | Killed Crazy Yiuf
  6195 | D:7      | Found a blossoming altar of Fedhas.
  6242 | D:8      | Found a staircase to the Lair.
  6489 | D:8      | Reached XP level 9. HP: 59/70 MP: 4/4
  6890 | D:8      | Identified a -3 rod of inaccuracy (14/14) (You found it on level 5 of the Dungeon)
  6897 | D:8      | Noticed a komodo dragon
  6908 | D:8      | Killed a komodo dragon
  6908 | D:8      | Reached skill level 14 in Maces & Flails
  7386 | D:9      | Noticed Erolcha
  7393 | D:9      | Reached skill level 15 in Maces & Flails
  7406 | D:9      | Killed Erolcha
  7473 | D:9      | You fall through a shaft for 3 floors!
  7476 | D:12     | Noticed a gargoyle
  7477 | D:12     | Noticed Nergalle
  7618 | D:12     | Reached skill level 16 in Maces & Flails
  7627 | D:12     | Reached XP level 10. HP: 72/77 MP: 1/4
  7645 | D:12     | Killed a gargoyle
  7984 | D:11     | Acquired Okawaru's second power
  8039 | D:10     | Entered Level 10 of the Dungeon
  8233 | D:10     | Reached skill level 17 in Maces & Flails
  8338 | D:10     | Received a gift from Okawaru
  8552 | D:9      | Found a staircase to the Orcish Mines.
  9257 | D:9      | Found Miaxummeg's Food Emporium.
  9513 | D:10     | You fall through a shaft!
  9666 | D:10     | Reached skill level 18 in Maces & Flails
 11162 | D:12     | Killed an unseen horror
 11162 | D:12     | Reached XP level 11. HP: 17/82 MP: 4/4
 11559 | D:12     | Identified a scroll of acquirement
 11575 | D:12     | Slain by a large slime creature

Action                   |  1- 3 |  4- 6 |  7- 9 | 10-12 || total
-------------------------+-------+-------+-------+-------++-------
Melee: Flail             |   125 |   216 |   407 |   167 ||   915
       Rod               |       |       |     3 |       ||     3
       Mace              |       |       |       |   310 ||   310
Throw: Tomahawk          |       |       |       |     3 ||     3
Invok: Heroism           |       |       |     7 |     3 ||    10
Evoke: Wand              |       |       |     2 |     1 ||     3
  Use: Scroll            |       |    12 |     4 |     6 ||    22
       Potion            |       |     2 |    16 |     3 ||    21
 Stab: Invisible         |       |       |    12 |     8 ||    20
       Paralysed         |       |       |       |     1 ||     1
